[Event "November 21 Early 2023"]
[Site "https://www.chess.com"]
[Date "2023.11.21"]
[Round "6"]
[White "Burovic00"]
[Black "Su, Dion"]
[Result "1-0"]
[Board "171"]
[TimeControl "180+1"]
[BlackFideId "2029731"]
[WhiteElo "2322"]
[BlackElo "2400"]
[BlackTeam "USA"]
[WhiteClock "0:00:04"]
[BlackClock "0:00:00"]

1. e4 e6 2. d3 c5 3. g3 Nc6 4. Bg2 d6 5. f4 g6 6. Nf3 Bg7 7. O-O Nge7 8. c3 e5 9. Na3 O-O 10. f5 gxf5 11. Nh4 f4 12. Qh5 f5 13. gxf4 Be6 14. fxe5 Nxe5 15. exf5 Bf7 16. Qe2 Bf6 17. Bh6 Re8 18. Nf3 Kh8 19. Nxe5 dxe5 20. Be4 Nd5 21. Kh1 Rg8 22. Qf3 Nb6 23. b3 Nd5 24. c4 Nf4 25. Bxf4 exf4 26. Rad1 Qa5 27. Nb5 Rad8 28. a4 a6 29. Na3 Qb4 30. Nb1 Qxb3 31. Bxb7 Rg5 32. a5 Bh5 33. Qc6 Kg7 34. Rde1 Qxd3 35. Rg1 Bf3+ 36. Qxf3 Qxf3+ 37. Bxf3 Rxg1+ 38. Rxg1+ Kf8 39. Rd1 Rb8 40. Nd2 Bd4 41. Ne4 Rb2 42. Nd6 Ra2 43. Nc8 Rxa5 44. Bd5 Ra2 45. Nd6 Ke7 46. Ne4 h5 47. Rb1 1-0

[Event "November 21 Early 2023"]
[Site "https://www.chess.com"]
[Date "2023.11.21"]
[Round "6"]
[White "Der_Balak_3Halak"]
[Black "Szyszylo, Rafal"]
[Result "1-0"]
[Board "172"]
[TimeControl "180+1"]
[BlackFideId "1109626"]
[WhiteElo "2309"]
[BlackElo "1951"]
[BlackTeam "POL"]
[WhiteClock "0:00:55"]
[BlackClock "0:01:21"]

1. b3 d6 2. Bb2 Nf6 3. e3 e5 4. Be2 Nc6 5. d4 Bd7 6. Nf3 e4 7. Nfd2 h5 8. c4 Bg4 9. Nc3 Nb4 10. Ndxe4 Be7 11. a3 Nc6 12. Nxf6+ Bxf6 13. Bxg4 hxg4 14. Qxg4 Qe7 15. Nd5 Qd8 16. O-O Rh4 17. Qg3 Kf8 18. Nxf6 Qxf6 19. d5 Ne5 20. f4 Rg4 21. fxe5 Rxg3 22. exf6 Rxe3 23. fxg7+ Kg8 24. Rf3 Rae8 25. Raf1 Rxb3 26. Rxb3 1-0

[Event "November 21 Early 2023"]
[Site "https://www.chess.com"]
[Date "2023.11.21"]
[Round "6"]
[White "Figorito, Nick"]
[Black "Kuchava, Ana"]
[Result "1-0"]
[Board "173"]
[TimeControl "180+1"]
[WhiteFideId "30923689"]
[BlackFideId "13605348"]
[WhiteElo "2381"]
[BlackElo "1950"]
[WhiteTeam "USA"]
[BlackTeam "GEO"]
[WhiteClock "0:00:04"]
[BlackClock "0:00:00"]

1. Nf3 d5 2. g3 c5 3. Bg2 Nc6 4. d4 cxd4 5. Nxd4 e6 6. c4 Nf6 7. Nc3 Be7 8. cxd5 exd5 9. O-O O-O 10. Bf4 Be6 11. Ncb5 Qd7 12. Rc1 Rac8 13. a3 a6 14. Nc3 h6 15. Na4 Qd8 16. Qd3 Qa5 17. Nc3 Rfd8 18. Nb3 Qb6 19. Na4 Qb5 20. Qxb5 axb5 21. Nac5 b6 22. Nd3 Na5 23. Nd4 Nc4 24. Nxb5 g5 25. Be3 Nxe3 26. fxe3 Ng4 27. e4 dxe4 28. Bxe4 Ne3 29. Rxc8 Rxc8 30. Rc1 Nc4 31. Bf3 f5 32. Bb7 Rd8 33. Nc7 Bf7 34. Bd5 1-0

[Event "November 21 Early 2023"]
[Site "https://www.chess.com"]
[Date "2023.11.21"]
[Round "6"]
[White "Sharafiev, Azat"]
[Black "campochess"]
[Result "1-0"]
[Board "174"]
[TimeControl "180+1"]
[WhiteFideId "4186214"]
[WhiteElo "2306"]
[BlackElo "2196"]
[WhiteTeam "RUS"]
[WhiteClock "0:01:25"]
[BlackClock "0:00:48"]

1. Nf3 c5 2. e3 Nc6 3. c4 d6 4. b3 Nf6 5. Bb2 e6 6. Be2 Be7 7. O-O O-O 8. Nc3 a6 9. d4 cxd4 10. exd4 d5 11. Qd2 Ne4 12. Qe3 f5 13. Ne5 Nxe5 14. dxe5 Bc5 15. Qh3 Ng5 16. Qd3 d4 17. Na4 Ba7 18. Rad1 Bd7 19. Bxd4 Bxa4 20. Bxa7 Qxd3 21. Rxd3 Rxa7 22. bxa4 b5 23. axb5 axb5 24. cxb5 Rxa2 25. Re1 Rb2 26. Rd6 Rb8 27. f3 Kf7 28. Bc4 Rb4 29. Bf1 Ke7 30. Rc1 Rb7 31. Rcc6 h5 32. b6 h4 33. Rc7+ Rxc7 34. bxc7 1-0

[Event "November 21 Early 2023"]
[Site "https://www.chess.com"]
[Date "2023.11.21"]
[Round "6"]
[White "Osiecki, Stanislaw"]
[Black "vinclat"]
[Result "0-1"]
[Board "175"]
[TimeControl "180+1"]
[WhiteFideId "1102990"]
[WhiteElo "2048"]
[BlackElo "2373"]
[WhiteTeam "POL"]
[WhiteClock "0:00:00"]
[BlackClock "0:00:02"]

1. e4 g6 2. d4 Bg7 3. Bc4 d6 4. Nf3 e6 5. d5 e5 6. h3 Nd7 7. O-O Ngf6 8. Bg5 h6 9. Bh4 g5 10. Bg3 Nh5 11. Bh2 O-O 12. Bd3 Nf4 13. Bxf4 exf4 14. c3 Nc5 15. Bc2 g4 16. hxg4 Bxg4 17. Nbd2 Qf6 18. Qe1 Rae8 19. Nd4 h5 20. f3 Bd7 21. b4 Na6 22. N2b3 Bh6 23. Kf2 c5 24. dxc6 bxc6 25. Rh1 Bg5 26. Qd2 h4 27. a4 c5 28. bxc5 dxc5 29. Ne2 Rd8 30. Qc1 Be6 31. Qa3 Qe5 32. Rad1 h3 33. gxh3 Bh4+ 34. Kf1 Rxd1+ 35. Bxd1 Kh7 36. Nd2 Rd8 37. Qb2 Bg3 38. Nxg3 fxg3 39. Kg2 Qf4 40. Nb1 Rd3 41. Be2 Re3 42. Re1 Qh4 43. Rh1 c4 44. Qd2 Rd3 45. Bxd3 cxd3 46. Qxd3 Nc5 47. Qd6 Nb3 48. Qxg3 Qh6 49. f4 Nc5 50. Qg5 Qxg5+ 51. fxg5 Nxe4 52. h4 Bd5 53. Kh3 Nf2+ 54. Kh2 Nxh1 55. c4 Bc6 56. Nc3 Nf2 57. Kg3 Ne4+ 58. Nxe4 Bxe4 59. Kf4 Bc6 60. a5 Kg6 61. Ke5 Kh5 62. Kd6 Bf3 63. c5 Kxh4 64. c6 Kxg5 0-1

[Event "November 21 Early 2023"]
[Site "https://www.chess.com"]
[Date "2023.11.21"]
[Round "6"]
[White "Filippova, Margarita"]
[Black "dumbernugget"]
[Result "0-1"]
[Board "176"]
[TimeControl "180+1"]
[WhiteFideId "34199680"]
[WhiteElo "1916"]
[BlackElo "1938"]
[WhiteTeam "RUS"]
[WhiteClock "0:00:24"]
[BlackClock "0:01:05"]

1. e4 c5 2. Nf3 d6 3. d4 cxd4 4. Qxd4 Nf6 5. Nc3 Nc6 6. Bb5 Bd7 7. Bxc6 Bxc6 8. Bg5 e6 9. O-O-O Be7 10. Qd3 Qc7 11. Nd4 d5 12. Nxc6 bxc6 13. exd5 cxd5 14. Bxf6 Bxf6 15. Qb5+ Qd7 16. Qxd7+ Kxd7 17. Ne4 Be7 18. b3 Kc7 19. Nc3 Bf6 20. Rd3 Rac8 21. a4 Kb7 22. Nb5 Rc6 23. Kb1 Rhc8 24. Rc1 a6 25. Nd4 R6c7 26. g3 e5 27. Nf5 Kc6 28. c4 d4 29. f4 e4 30. Rxd4 Bxd4 31. Nxd4+ Kc5 32. Nc2 Rd8 33. Kb2 a5 34. Ne3 Rd3 35. Nd5 Rb7 36. Rc3 Rxc3 37. Kxc3 f5 38. Ne3 g6 39. Nd5 Rd7 40. h4 h5 41. Kd2 Rxd5+ 42. cxd5 Kxd5 43. Kc3 Kc5 44. Kc2 Kb4 45. Kb2 e3 46. Kc2 e2 47. Kd2 Kxb3 48. Kxe2 Kxa4 49. Kd1 Kb3 50. Kc1 Kc3 51. Kb1 Kd3 52. Ka2 Ke3 53. Ka3 Kf3 54. Ka4 Kxg3 55. Kxa5 Kxf4 0-1

[Event "November 21 Early 2023"]
[Site "https://www.chess.com"]
[Date "2023.11.21"]
[Round "6"]
[White "Umarov, Sabir"]
[Black "Seletsky, Grigory"]
[Result "1-0"]
[Board "179"]
[TimeControl "180+1"]
[WhiteFideId "14200538"]
[BlackFideId "14112191"]
[WhiteElo "2323"]
[BlackElo "2482"]
[WhiteTeam "UZB"]
[BlackTeam "UKR"]
[WhiteClock "0:00:07"]
[BlackClock "0:00:00"]

1. e4 e5 2. Nf3 Nc6 3. Bc4 Be7 4. d3 Nf6 5. Nc3 O-O 6. h3 d6 7. Be3 Be6 8. Qe2 d5 9. exd5 Nxd5 10. Nxd5 Bxd5 11. O-O-O a6 12. Bb3 f5 13. d4 e4 14. Ne5 Bxb3 15. axb3 Qd5 16. Nxc6 Qxc6 17. Bf4 Bd6 18. Bxd6 cxd6 19. d5 Qc5 20. g4 Rae8 21. gxf5 Rxf5 22. Qe3 Qa5 23. c4 b5 24. Rhg1 bxc4 25. bxc4 Rf3 26. Qd4 Re7 27. Kb1 Qb4 28. Rg4 Rb7 29. Rdg1 Rff7 30. Rxe4 Rbe7 31. Rxe7 Rxe7 32. Qc3 Qxc3 33. bxc3 Re2 34. Rg2 Kf7 35. Kc1 Kf6 36. Kd1 Ra2 37. Ke1 a5 38. Rg3 a4 39. Rf3+ Ke7 40. Re3+ Kd7 41. Kf1 a3 42. c5 dxc5 43. c4 Rb2 44. Rxa3 Rb4 45. Kg2 Rxc4 46. Ra7+ Kd6 47. Rxg7 Kxd5 48. Rxh7 Rf4 49. Rh5+ Kd6 50. Rh6+ Kd5 51. Kg3 Rf8 52. Rh7 Kd4 53. Rd7+ Kc3 54. h4 c4 55. h5 Kb2 56. Rb7+ Ka3 57. f4 1-0

[Event "November 21 Early 2023"]
[Site "https://www.chess.com"]
[Date "2023.11.21"]
[Round "6"]
[White "Dilmukhametov, Artur"]
[Black "Shapiro, Daniel"]
[Result "0-1"]
[Board "180"]
[TimeControl "180+1"]
[WhiteFideId "24179922"]
[BlackFideId "2001780"]
[WhiteElo "2176"]
[BlackElo "2320"]
[WhiteTeam "RUS"]
[BlackTeam "USA"]
[WhiteClock "0:00:00"]
[BlackClock "0:00:34"]

1. e4 c5 2. d4 cxd4 3. c3 dxc3 4. Nxc3 Nc6 5. Nf3 d6 6. Bc4 a6 7. O-O Nf6 8. h3 e6 9. Qe2 b5 10. Bb3 Bb7 11. Rd1 Qb8 12. Bf4 Ne5 13. Nxe5 dxe5 14. Bg5 Be7 15. Rac1 O-O 16. Bxf6 Bxf6 17. Rd7 Bc6 18. Rd3 Qb7 19. Rg3 b4 20. Na4 Rac8 21. Nc5 Qa7 22. Qf3 Kh8 23. h4 Bb5 24. Nd3 Qd4 25. Rd1 Rcd8 26. h5 h6 27. Qg4 a5 28. Nf4 Qxb2 29. Rxd8 Rxd8 30. Bxe6 Qc1+ 31. Kh2 Qxf4 32. Qxf4 exf4 0-1

[Event "November 21 Early 2023"]
[Site "https://www.chess.com"]
[Date "2023.11.21"]
[Round "6"]
[White "Pak, Yevgeniy"]
[Black "Rian, Kapriaga"]
[Result "0-1"]
[Board "181"]
[TimeControl "180+1"]
[WhiteFideId "14201712"]
[BlackFideId "7103263"]
[WhiteElo "2320"]
[BlackElo "2298"]
[WhiteTeam "KAZ"]
[BlackTeam "INA"]
[WhiteClock "0:00:00"]
[BlackClock "0:01:25"]

1. e4 c6 2. d4 d5 3. f3 e6 4. Nc3 Bb4 5. a3 Bxc3+ 6. bxc3 b6 7. c4 Ba6 8. cxd5 cxd5 9. Bxa6 Nxa6 10. c3 Qd7 11. Bf4 Rc8 12. Qd3 Nb8 13. Ne2 Nc6 14. O-O Na5 15. Rfe1 Ne7 16. Ng3 O-O 17. exd5 Nxd5 18. Bd2 Nb3 19. Rab1 Nxd2 20. Qxd2 Rxc3 21. Qb2 Rfc8 22. Ne4 Rc2 23. Qb3 Nf4 24. Qe3 Nxg2 25. Qg5 Qxd4+ 26. Kh1 Nxe1 27. Rxe1 h6 28. Qg3 f5 29. Nd6 f4 30. Qg4 Qxd6 31. Rg1 R8c7 32. Qg6 Qc6 33. Qd3 Qd5 0-1

[Event "November 21 Early 2023"]
[Site "https://www.chess.com"]
[Date "2023.11.21"]
[Round "6"]
[White "RodokininEV"]
[Black "Vlasova, Nataliya"]
[Result "1-0"]
[Board "182"]
[TimeControl "180+1"]
[BlackFideId "4122682"]
[WhiteElo "2517"]
[BlackElo "1939"]
[BlackTeam "RUS"]
[WhiteClock "0:00:17"]
[BlackClock "0:00:23"]

1. d4 Nf6 2. c4 g6 3. Nc3 Bg7 4. e4 d6 5. Be2 O-O 6. Nf3 Nc6 7. d5 Ne5 8. Nxe5 dxe5 9. c5 Nd7 10. Be3 f5 11. f3 f4 12. Bf2 g5 13. b4 h5 14. Qb3 Kh8 15. O-O Nf6 16. Rfd1 g4 17. Rac1 Qe8 18. Nb5 Qd7 19. c6 Qd8 20. cxb7 Bxb7 21. Nxc7 Nxe4 22. fxe4 f3 23. gxf3 Bh6 24. Ne6 Qe8 25. Be3 gxf3 26. Bxh6 fxe2 27. Bxf8 Qg6+ 28. Kf2 exd1=Q 29. Rxd1 Rxf8+ 30. Nxf8 Qf6+ 31. Ke2 Qxf8 32. Qf3 Ba6+ 33. Kf2 Qh6 34. a4 Qb6+ 35. Qe3 Qf6+ 36. Kg2 Qh4 37. Qh6+ Kg8 38. Qg6+ Kh8 39. Rc1 Qf4 40. Qe8+ Kh7 41. Qxe7+ Kh8 42. Qd8+ Kg7 43. Rc7+ Kh6 44. Qh8+ Kg5 45. Rg7+ Kh4 46. Qd8+ 1-0

[Event "November 21 Early 2023"]
[Site "https://www.chess.com"]
[Date "2023.11.21"]
[Round "6"]
[White "Nekoo04"]
[Black "Mystery2007"]
[Result "0-1"]
[Board "183"]
[TimeControl "180+1"]
[WhiteElo "2278"]
[BlackElo "2503"]
[WhiteClock "0:00:01"]
[BlackClock "0:00:54"]

1. d4 a5 2. e4 c6 3. Bd3 d5 4. exd5 Qxd5 5. Nf3 Bg4 6. Nbd2 Nf6 7. h3 Bf5 8. c4 Qe6+ 9. Be2 Bd3 10. Ne5 Bxe2 11. Qxe2 Nbd7 12. f4 g6 13. O-O Bg7 14. Ndf3 O-O 15. Ng5 Qd6 16. Be3 e6 17. Rad1 h6 18. Ngf3 Ne4 19. Rfe1 Rad8 20. Qc2 Ng3 21. Bf2 Nh5 22. Qc1 Qc7 23. g4 Nhf6 24. g5 Nh5 25. Re4 Nb6 26. Kg2 hxg5 27. fxg5 Qe7 28. b3 Nc8 29. Ree1 Nd6 30. Qe3 Nf5 31. Qe4 a4 32. Nh2 axb3 33. axb3 Ra8 34. Nhg4 Ra2 35. Re2 Rxe2 36. Qxe2 Nf4+ 0-1

[Event "November 21 Early 2023"]
[Site "https://www.chess.com"]
[Date "2023.11.21"]
[Round "6"]
[White "Nissinen, Niilo Man"]
[Black "danshev16"]
[Result "0-1"]
[Board "184"]
[TimeControl "180+1"]
[WhiteFideId "30950767"]
[WhiteElo "1854"]
[BlackElo "2496"]
[WhiteTeam "HKG"]
[WhiteClock "0:00:00"]
[BlackClock "0:01:16"]

1. e4 c6 2. d4 d6 3. Nf3 Nd7 4. Nc3 h6 5. a4 g5 6. Bc4 Bg7 7. Be3 Nf8 8. Ne2 Ng6 9. Ng3 Nf6 10. O-O g4 11. Nd2 h5 12. Nf5 Bxf5 13. exf5 Nh4 14. Bd3 Qd7 15. Bg5 Nxf5 16. c3 O-O-O 17. a5 a6 18. Nc4 Kb8 19. Nb6 Qe6 20. Re1 Ne4 21. Rxe4 Qg6 22. Qd2 f6 23. Bf4 e5 24. Be3 d5 25. Qc2 Nxe3 26. Rxe3 e4 27. Bf1 Bh6 28. Ree1 f5 29. b4 f4 30. b5 cxb5 31. c4 dxc4 32. Rxe4 Rxd4 33. Rae1 Rhd8 34. Rxd4 Qxc2 35. Rxd8+ Kc7 36. Rc8+ Kd6 37. Rd8+ Kc5 38. Red1 g3 39. R8d5+ Kb4 40. Rd6 Qxf2+ 41. Kh1 Bf8 42. Rb1+ Kxa5 43. Rc6 bxc6 0-1

[Event "November 21 Early 2023"]
[Site "https://www.chess.com"]
[Date "2023.11.21"]
[Round "6"]
[White "Ongut, Tamas Gunes"]
[Black "Andersson, Bjorn 1971"]
[Result "1-0"]
[Board "185"]
[TimeControl "180+1"]
[WhiteFideId "770280"]
[BlackFideId "1702114"]
[WhiteElo "2148"]
[BlackElo "2172"]
[WhiteTeam "HUN"]
[BlackTeam "SWE"]
[WhiteClock "0:00:12"]
[BlackClock "0:00:31"]

1. d4 c5 2. d5 d6 3. e4 g6 4. Nc3 Bg7 5. a4 Nf6 6. Bb5+ Bd7 7. Nf3 O-O 8. h3 Na6 9. O-O Nc7 10. Be2 a6 11. a5 Nb5 12. Nd2 e6 13. dxe6 fxe6 14. Na4 Bc6 15. Nb6 Rb8 16. e5 dxe5 17. Ndc4 Nd5 18. c3 Nd6 19. Nxd6 Qxd6 20. c4 e4 21. cxd5 exd5 22. Bc4 Rbd8 23. Bg5 Bf6 24. Bxf6 Rxf6 25. Bb3 Kg7 26. Qd2 c4 27. Bc2 Rdf8 28. Rad1 Qc5 29. Qe3 Qxa5 30. Qd4 Kh6 31. Nxd5 Re6 32. Ne3 b5 33. Ng4+ Kh5 34. Qg7 Qb4 35. Qxh7+ Kg5 36. Qh6+ Kf5 37. Ne3+ Kf6 38. Ng4+ Ke7 39. Qg5+ Kf7 40. Ne5+ Kg7 41. Nxc6 Rxc6 42. Rd7+ Rf7 43. Qe5+ Rf6 44. Rxf7+ Kxf7 45. Bxe4 Qe7 46. Bd5+ Kf8 47. Qb8+ Kg7 48. Qb7 Qxb7 49. Bxb7 a5 50. Rc1 Rb6 51. Bd5 Kf6 52. f4 Kf5 53. g3 g5 54. fxg5 Kxg5 55. Kf2 Kf5 56. Ke3 Ke5 57. Bf3 Kd6 58. Kd4 Rb8 59. h4 Rf8 60. Ke3 Re8+ 61. Be4 Kc5 62. g4 Kb4 63. Rc3 Ka4 64. Kd4 Rd8+ 65. Bd5 Rc8 66. b3+ Kb4 67. bxc4 Rc5 68. h5 a4 69. h6 a3 70. h7 Rc8 71. Bg8 Rd8+ 72. Bd5 bxc4 73. Rxc4+ Kb5 74. Rc2 Kb4 75. Ke5 Re8+ 76. Be6 Rh8 77. Bf5 Re8+ 78. Kf6 Kb3 79. Kg7 Re5 80. h8=Q Rxf5 81. gxf5 Kxc2 82. Qa8 Kb2 83. f6 a2 84. f7 a1=Q 85. Qxa1+ Kxa1 86. f8=Q Kb2 87. Kf6 Kc3 88. Qe7 Kd4 1-0

[Event "November 21 Early 2023"]
[Site "https://www.chess.com"]
[Date "2023.11.21"]
[Round "6"]
[White "Toktomushev, Teimur"]
[Black "Rutten, Alexander"]
[Result "1-0"]
[Board "186"]
[TimeControl "180+1"]
[WhiteFideId "14176726"]
[BlackFideId "1052063"]
[WhiteElo "2198"]
[BlackElo "2124"]
[WhiteTeam "UKR"]
[BlackTeam "NED"]
[WhiteClock "0:00:05"]
[BlackClock "0:00:05"]

1. d4 d5 2. c4 c6 3. Nc3 Nf6 4. Nf3 e6 5. e3 Nbd7 6. Qc2 dxc4 7. Bxc4 b5 8. Bd3 a6 9. e4 c5 10. e5 c4 11. exf6 cxd3 12. fxg7 Bxg7 13. Qxd3 Bb7 14. Bg5 Qc7 15. Rc1 Qd6 16. O-O O-O 17. Rfe1 Nf6 18. Bxf6 Bxf6 19. Ne4 Bxe4 20. Rxe4 Rac8 21. Rd1 Rfd8 22. h4 h6 23. Ne5 Bxe5 24. Rxe5 Qxe5 25. dxe5 Rxd3 26. Rxd3 Rc1+ 27. Kh2 Rc2 28. Ra3 Rxb2 29. Kg3 Re2 30. f4 Kg7 31. Rxa6 Rb2 32. Rb6 b4 33. Rb5 Kg6 34. Kg4 h5+ 35. Kh3 Rb1 36. g3 Rb2 37. Rb7 Kg7 38. Rb8 Kh7 39. Rb7 Kg6 40. Rb6 Kf5 41. Rb7 Ke4 42. Rxf7 Rxa2 43. Rf6 b3 44. Rxe6 Kf3 45. Rb6 b2 46. Rb3+ Ke4 47. e6 Ra3 48. Rxb2 Ra8 49. Re2+ Kf5 50. e7 Re8 51. Kg2 Kg4 52. Kf2 Kf5 53. Kf3 Kf6 54. g4 hxg4+ 55. Kxg4 Rg8+ 56. Kf3 Re8 57. h5 Kf7 58. Kg4 Kf6 59. h6 Rg8+ 60. Kh5 Re8 61. h7 Kg7 62. f5 Kf6 63. Kg4 Kg7 64. Kg5 Kf7 65. f6 Ra8 66. e8=Q+ Rxe8 67. Rxe8 Kxe8 68. h8=Q+ Kf7 69. Qg7+ Ke6 70. f7 Kd5 71. f8=Q Ke6 72. Qff6+ Kd5 73. Qd4+ 1-0

[Event "November 21 Early 2023"]
[Site "https://www.chess.com"]
[Date "2023.11.21"]
[Round "6"]
[White "Ismayil, Malak"]
[Black "Alhadad, Mahmoud"]
[Result "1-0"]
[Board "187"]
[TimeControl "180+1"]
[WhiteFideId "13412604"]
[BlackFideId "11501863"]
[WhiteElo "1898"]
[BlackElo "1955"]
[WhiteTeam "AZE"]
[BlackTeam "PLE"]
[WhiteClock "0:00:08"]
[BlackClock "0:00:13"]

1. e4 d5 2. exd5 Nf6 3. Nf3 Bg4 4. Be2 Qxd5 5. O-O Nc6 6. Nc3 Qf5 7. d3 e6 8. Be3 Bd6 9. Nd2 Bxe2 10. Qxe2 O-O-O 11. Nde4 Nxe4 12. Nxe4 h5 13. a3 g5 14. b4 g4 15. Rab1 Ne5 16. Ng3 Qg6 17. d4 h4 18. dxe5 Bxe5 19. Nh1 Bxh2+ 20. Kxh2 g3+ 21. Kg1 h3 22. Nxg3 hxg2 23. Kxg2 f5 24. Rh1 e5 25. Rxh8 Rxh8 26. Qd3 e4 27. Qd5 Qg4 28. Qxf5+ Qxf5 29. Nxf5 b6 30. Ng3 Re8 31. Rh1 Kb7 32. Rh4 Ka6 33. Rxe4 Rg8 34. a4 c6 35. Rc4 Rg6 36. Rxc6 Rg4 37. c4 Rg7 38. a5 Kb7 39. b5 bxa5 40. Ra6 Kb8 41. Rxa5 a6 42. Rxa6 Rg4 43. c5 Kb7 44. Rb6+ Ka8 45. Kf3 Rg7 46. Ra6+ Kb7 47. Nf5 Rf7 48. Ke4 Kb8 49. Bf4+ Kc8 50. Nd6+ Kc7 51. Nxf7+ Kb7 52. Nd6+ Kb8 53. Nc4+ Kb7 54. Rb6+ Ka7 55. c6 Ka8 56. c7 Ka7 57. Ra6+ Kb7 58. Na5+ Kc8 59. Ra8+ Kd7 60. c8=Q+ Ke7 61. Qc6 Kf7 62. Ra7+ Kf8 63. Qa8# 1-0

[Event "November 21 Early 2023"]
[Site "https://www.chess.com"]
[Date "2023.11.21"]
[Round "6"]
[White "Martin, Lewis"]
[Black "FunnyDuck66"]
[Result "0-1"]
[Board "188"]
[TimeControl "180+1"]
[WhiteFideId "410551"]
[WhiteElo "2145"]
[BlackElo "2463"]
[WhiteTeam "ENG"]
[WhiteClock "0:00:00"]
[BlackClock "0:00:05"]

1. c4 e6 2. g3 Nf6 3. Bg2 d5 4. Nf3 Be7 5. O-O O-O 6. b3 Nbd7 7. Bb2 c6 8. d4 b5 9. Nbd2 a5 10. Ne5 Qb6 11. c5 Qc7 12. f4 Ne8 13. e4 f6 14. exd5 exd5 15. Nd3 f5 16. Ne5 Ndf6 17. Qc2 Ne4 18. Rae1 N8f6 19. Ndf3 a4 20. Ng5 h6 21. Nxe4 fxe4 22. Ng6 Re8 23. f5 Nh7 24. Bc1 Bf6 25. Rd1 e3 26. Rfe1 axb3 27. axb3 e2 28. Rxe2 Rxe2 29. Qxe2 Bxf5 30. Bf4 Qf7 31. Ne5 Bxe5 32. Bxe5 Ng5 33. Rf1 Qe6 34. h4 Ne4 35. Qf3 Rf8 36. Qe3 Rf7 37. Rf4 g5 38. hxg5 hxg5 39. Rxe4 dxe4 40. Qxg5+ Qg6 41. Qd8+ Rf8 42. Qe7 e3 43. Bxc6 Be6 44. Be4 Qh6 45. Qg5+ Qxg5 0-1

[Event "November 21 Early 2023"]
[Site "https://www.chess.com"]
[Date "2023.11.21"]
[Round "6"]
[White "Jamal-Jamal-Jamal"]
[Black "LLariMarc"]
[Result "1-0"]
[Board "189"]
[TimeControl "180+1"]
[WhiteElo "2456"]
[BlackElo "2248"]
[WhiteClock "0:01:02"]
[BlackClock "0:01:24"]

1. d4 f5 2. g3 Nf6 3. Bg2 g6 4. Nf3 Bg7 5. O-O O-O 6. c4 d6 7. Nc3 Nbd7 8. b3 e5 9. dxe5 dxe5 10. Bb2 Kh8 11. Qc1 c6 12. Rd1 Qc7 13. e4 Nc5 14. exf5 Bxf5 15. Ng5 h6 16. Nf3 Nd3 17. Qd2 Nxb2 18. Qxb2 Ng4 19. h3 Nxf2 20. Qxf2 e4 21. Nd4 Bxh3 22. Qe3 Bxg2 23. Kxg2 c5 24. Ndb5 Qc6 25. Rd6 Qe8 26. Rh1 h5 27. Qxe4 a6 28. Nc7 Qb8 29. Qxg6 Qxc7 30. Rxh5+ Kg8 31. Nd5 Qa5 32. Ne7# 1-0

[Event "November 21 Early 2023"]
[Site "https://www.chess.com"]
[Date "2023.11.21"]
[Round "6"]
[White "Pasmendjambvirgulptipon98"]
[Black "Reprintsev, Alexander"]
[Result "1/2-1/2"]
[Board "190"]
[TimeControl "180+1"]
[BlackFideId "14100541"]
[WhiteElo "2216"]
[BlackElo "2229"]
[BlackTeam "UKR"]
[WhiteClock "0:00:07"]
[BlackClock "0:00:30"]

1. e4 d5 2. exd5 Qxd5 3. Nc3 Qa5 4. d4 Nf6 5. Bc4 Nc6 6. Nf3 Bg4 7. Bd2 Qf5 8. d5 Bxf3 9. Qxf3 Qxf3 10. gxf3 Nd4 11. O-O-O Nxf3 12. Bb5+ Kd8 13. Bf4 a6 14. Be2 Nh4 15. Na4 Ng6 16. Bg3 Ne4 17. f4 f5 18. Bd3 Nd6 19. h4 e6 20. dxe6 Be7 21. h5 Nf8 22. Bxf5 Kc8 23. Bg4 h6 24. Bh4 Bxh4 25. Rxh4 Nh7 26. e7+ Kb8 27. Bd7 Nf6 28. Bh3 Re8 29. Re1 Ka7 30. c4 b6 31. c5 Nde4 32. Bf5 Rxe7 33. Nc3 Rae8 34. Nxe4 Nxe4 35. Bxe4 Rxe4 36. Rxe4 Rxe4 37. cxb6+ Kxb6 38. Rg4 c6 39. Rxg7 Re1+ 40. Kd2 Rh1 41. f5 Rxh5 42. f6 Rf5 43. f7 h5 44. Rh7 c5 45. Rh6+ Kb5 46. f8=Q Rxf8 47. Rxh5 Rf2+ 48. Kc3 Rf3+ 49. Kc2 a5 50. Rh4 a4 51. a3 Rf2+ 52. Kc3 Rf1 53. Rh8 Rc1+ 54. Kd2 Rc4 55. Rb8+ Kc6 56. b3 Rd4+ 57. Kc3 Rh4 58. bxa4 Rxa4 59. Kb3 Ra7 60. Rc8+ Kb6 61. Rb8+ Kc7 62. Rh8 Kc6 63. Rh6+ Kb5 64. Rh5 Rf7 65. a4+ Kb6 66. Rh6+ Ka5 67. Rh3 Rf4 68. Rc3 Rb4+ 69. Kc2 Kb6 70. a5+ Kb5 71. a6 Ra4 72. Rb3+ Kc4 73. Rc3+ Kd5 74. Rd3+ Kc6 75. Rh3 Kb6 76. Rh6+ Kb5 77. Kc3 Ra3+ 78. Kb2 Ra5 79. Kc3 Ra3+ 80. Kb2 Rxa6 81. Rxa6 Kxa6 82. Kc3 Kb5 83. Kb3 c4+ 84. Kc3 Kc5 85. Kc2 Kb4 86. Kb2 c3+ 87. Kc2 Kc4 88. Kc1 Kc5 89. Kc2 Kd4 90. Kc1 Ke3 91. Kc2 Kd4 92. Kc1 Kd3 93. Kd1 c2+ 94. Kc1 Kc3 1/2-1/2

[Event "November 21 Early 2023"]
[Site "https://www.chess.com"]
[Date "2023.11.21"]
[Round "6"]
[White "HeroWilczek"]
[Black "EdmundPlayer"]
[Result "1-0"]
[Board "191"]
[TimeControl "180+1"]
[WhiteElo "2451"]
[BlackElo "2212"]
[WhiteClock "0:01:09"]
[BlackClock "0:00:00"]

1. e4 Nf6 2. e5 Nd5 3. d4 d6 4. Nf3 Nc6 5. exd6 exd6 6. Bd3 Bg4 7. c3 Be7 8. O-O Qd7 9. Re1 O-O 10. Nbd2 Nf4 11. Nf1 Nxd3 12. Qxd3 d5 13. Ng3 h6 14. h3 Be6 15. Bf4 Bd6 16. Qd2 Kh7 17. Re2 Ne7 18. Rae1 Ng6 19. Bxd6 Qxd6 20. Ne5 Nxe5 21. Rxe5 c5 22. Qd3+ Kg8 23. Qf3 Rfe8 24. Nh5 Bd7 25. Rxe8+ Rxe8 26. Rxe8+ Bxe8 27. Nf4 Bc6 28. Qe3 cxd4 29. Qxd4 b6 30. a3 Qd7 31. Nd3 Kf8 32. Ne5 Qd6 33. Qf4 Qe7 34. Ng6+ 1-0

[Event "November 21 Early 2023"]
[Site "https://www.chess.com"]
[Date "2023.11.21"]
[Round "6"]
[White "Estrada Nieto, Julian"]
[Black "Chemin, Justo Reinaldo"]
[Result "1-0"]
[Board "192"]
[TimeControl "180+1"]
[WhiteFideId "5101018"]
[BlackFideId "2101580"]
[WhiteElo "2161"]
[BlackElo "1940"]
[WhiteTeam "ESP"]
[BlackTeam "BRA"]
[WhiteClock "0:02:20"]
[BlackClock "0:01:23"]

1. e4 e5 2. Nf3 Nc6 3. Bb5 a6 4. Ba4 Nf6 5. O-O Be7 6. d3 b5 7. Bb3 O-O 8. a3 d5 9. exd5 Nxd5 10. Re1 Bg4 11. h3 Bh5 12. g4 Bg6 13. Nxe5 Nxe5 14. Rxe5 c6 15. Nc3 Nxc3 16. bxc3 Bf6 17. Rc5 Qd6 18. d4 Bh4 19. Be3 Rfe8 20. Qf3 Rac8 21. a4 Re7 22. axb5 axb5 23. d5 cxd5 24. Rxc8+ 1-0

[Event "November 21 Early 2023"]
[Site "https://www.chess.com"]
[Date "2023.11.21"]
[Round "6"]
[White "seasidesunset"]
[Black "Tsyhanchuk, Stanislav"]
[Result "0-1"]
[Board "193"]
[TimeControl "180+1"]
[BlackFideId "13505130"]
[WhiteElo "2170"]
[BlackElo "2173"]
[BlackTeam "BLR"]
[WhiteClock "0:01:49"]
[BlackClock "0:02:22"]

1. e4 c5 2. c4 Nc6 3. Nc3 g6 4. g3 Bg7 5. Bg2 e6 6. Nge2 Nge7 7. d3 O-O 8. O-O a6 9. f4 d6 10. h3 Rb8 11. a4 Nd4 12. Be3 Nec6 13. g4 Nxe2+ 14. Qxe2 Nd4 15. Qf2 b5 16. axb5 axb5 17. f5 exf5 18. exf5 gxf5 19. g5 Re8 20. Nd5 bxc4 21. Qg3 Ne2+ 0-1